 Dungeon Crawl Stone Soup version 0.32-a0-599-gba8f9cf90e (webtiles) character file.

Game seed: 9704297676033904925

105 dialectric the Changeling (level 4, 0/38 (42) HPs)
             Began as a Troll Shapeshifter on Mar 3, 2024.
             Slain by a wight
             ... wielding a +4 halberd of freezing
              (6 damage)
             ... on level 6 of the Dungeon.
             The game lasted 00:01:50 (1411 turns).

dialectric the Changeling (Troll Shapeshifter)      Turns: 1411, Time: 00:01:51

HP:   0/38 (42)     AC:  4    Str: 24    XL:     4   Next: 53%
MP:   3/3           EV: 10    Int:  6    God:
Gold: 136           SH:  0    Dex:  9    Spells: 3/3 levels left

rFire   . .          .
                       - Unarmed
rCold   . . .        (no shield)
rNeg    . . .        a - +0 animal skin
rPois   .            (helmet currently unavailable)
rElec   .            (cloak currently unavailable)
rCorr   .            (gloves unavailable)
SInv    .            (boots unavailable)
Will    .....        (no amulet)
Stlth   +            (no ring)
HPRegen 1.06/turn    (no ring)
MPRegen 0.08/turn

%: no passive effects
@: beast-form, drained
A: beast (slay +2), large, unfitting armour, claws 3, regeneration 1, shaggy fur
1, tough skin 1
a: Begin Untransformation


You were on level 6 of the Dungeon.
You were a hulking beast.
You visited 1 branch of the dungeon, and saw 5 of its levels.

You collected 136 gold pieces.

Inventory:

Hand Weapons
 k - a +1 spear of distortion
Armour
 a - a +0 animal skin (worn)
Talismans
 c - a beast talisman (active)
 d - a flux talisman
Scrolls
 f - a scroll of enchant armour {unknown}
 g - a scroll of butterflies {unknown}
 i - 2 scrolls of identify {unknown}
Potions
 b - a potion of lignification
 e - a potion of enlightenment {unknown}
 h - 2 potions of curing {unknown}
 j - a potion of heal wounds {unknown}
 l - a potion of magic {unknown}
 m - a potion of haste {unknown}


   Skills:
 * Level 1.9 Fighting
 + Level 2.3 Dodging
 + Level 3.6 Unarmed Combat
 + Level 3.6 Shapeshifting


You had 3 spell levels left.
You didn't know any spells.
Your spell library was empty.

Dungeon Overview and Level Annotations

Branches:
Dungeon (6/15)
 Temple: D:4-7

Altars:
Trog

Shops:
D:5 *


Innate Abilities, Weirdness & Mutations

You are a hulking beast.
Your limbs bulge with bestial killing power. (Slay +2)
You are too large for most types of armour.
You have claws for hands.
Your natural rate of healing is unusually fast.
You are covered in fur. (AC +1)
You have tough skin. (AC +1)


Message History

The centaur wields a +0 orcbow.
The centaur shoots an arrow.
The arrow completely misses you.
The centaur shoots an arrow.
The arrow hits you.
Found 8 gold pieces.
The centaur shoots an arrow.
The arrow barely misses you.
An orc comes into view. It is wielding a +0 whip.
The orc shouts!
You hear an angry hiss.
The centaur shoots an arrow.
The arrow barely misses you.
Found 5 gold pieces.
The centaur shoots an arrow.
The arrow hits you.
A phantom and a shadow imp come into view.
The shadow imp shouts!
The shadow imp hits you but does no damage.
Found a scroll labelled VOIG DILAY.
The shadow imp barely misses you.
The shadow imp attacks as it pursues you!
The shadow imp hits you.
Found a dagger.
Found a bloodstained altar of Trog.
The shadow imp attacks as it pursues you!
The shadow imp barely misses you.
The centaur shoots an arrow.
The arrow barely misses you.
The shadow imp attacks as it pursues you!
The shadow imp hits you but does no damage.
The centaur shoots an arrow.
The arrow barely misses you.
The shadow imp attacks as it pursues you!
The shadow imp hits you but does no damage.
The centaur shoots an arrow.
The arrow hits you! The shadow imp gestures at you.
Pain shoots through your body!
There is a stone staircase leading down here.
You climb downwards.
Found a club and a grey potion.
There is a stone staircase leading up here.
Unknown command.
The wight hits you from afar with a +4 halberd of freezing!
You feel drained. The wight freezes you. The wight hits you with a +4 scimitar.
The wight hits you from afar with a +4 halberd of freezing!
* * * LOW HITPOINT WARNING * * *
You feel drained.
* * * LOW HITPOINT WARNING * * *
The wight freezes you.
You die...

## !# # . ....
.#. .##
#...####.#.#..
............)
#...#....#.#
.........
#########z...#
.........zz<.#
##.h.z...#
#.......#
#.......#
###...###
.......
#.......#
#.......#
#.......#
#.......#


You could see 4 wights.

Vanquished Creatures
  A sleepcap (D:5)
  4 adders (D:2)
  A dart slug (D:1)
  2 orcs (D:5)
  3 endoplasms
  2 giant cockroaches (D:2)
  5 goblins
  3 hobgoblins
  4 quokkas
  A ball python (D:1)
  3 bats
  3 kobolds
  4 rats
36 creatures vanquished.

Notes
Turn   | Place    | Note
-------+----------+-------------------------------------------
     0 | D:1      | dialectric the Troll Shapeshifter began the quest for the
                  | Orb.
     0 | D:1      | Reached XP level 1. HP: 18/18 MP: 0/0
   176 | D:1      | Reached skill level 1 in Fighting
   437 | D:1      | Reached XP level 2. HP: 27/27 MP: 1/1
   763 | D:2      | Reached XP level 3. HP: 33/33 MP: 2/2
  1210 | D:3      | Reached XP level 4. HP: 41/41 MP: 3/3
  1341 | D:3      | You fall into a shaft and drop 2 floors!
  1341 | D:5      | Entered Level 5 of the Dungeon
  1366 | D:5      | Found Sishyanna's Assorted Antiques.
  1381 | D:5      | Noticed a centaur
  1389 | D:5      | Noticed a phantom
  1395 | D:5      | Found a bloodstained altar of Trog.
  1411 | D:6      | Slain by a wight

Illustrated notes

Levels and vault maps discovered:
D:1:      psy_arrival_conway, layout_basic
D:2:      layout_rooms
D:3:      layout_loops_corners, ebering_ecumenical_altar_abandoned
D:5:      layout_cave_pools, bloody_trog, serial_shops, shop,
          nicolae_shop_behind_doors, nicolae_shop_overgrown_old_shop,
          nicolae_shop_statue_plus, hangedman_decor_clover_reticule,
          roderic_batcave, minmay_ruined_shrine
D:6:      layout_loops_cross, lemuel_coloured_pillars_altar

Skill      XL: |  1  2 |
---------------+-------+-----
Fighting       | 1 |  1.9
Dodging        | 2 |  2.3
Unarmed Combat | |  3.6
Shapeshifting  | |  3.6

Action                     |  1- 3 |  4- 6 || total
---------------------------+-------+-------++-------
  Melee: Unarmed           |    84 |    13 ||    97
 Armour: Animal skin       |    55 |    24 ||    79
  Dodge: Dodged            |    37 |    13 ||    50

Table legend: (Time is in decaauts)
 A = Elapsed time spent in this place.
 B = Non-inter-level travel time spent in this place.
 C = Inter-level travel time spent in this place.
 D = Time resting spent in this place.
 E = Time spent auto-exploring this place.
 F = Levels seen in this place.
 G = Mean time per level.
                   A        B        C        D        E       F      G
               +--------+--------+--------+--------+--------+-----+--------+
         Total |   1404 |   1341 |     63 |      0 |   1073 |   5 |  280.8 |
       Dungeon |   1404 |   1341 |     63 |      0 |   1073 |   5 |  280.8 |
               +--------+--------+--------+--------+--------+-----+--------+

Top non-repeatable levels by time:
     D:1: 740 daAuts
     D:2: 454 daAuts
     D:3: 140 daAuts
     D:5: 64 daAuts
     D:6: 4 daAuts
